Map: Central Protocol

Players

Locobizz - Winner!

  • Race: Terran Terran

Ame

  • Race: Zerg Zerg
  • League: Silver

VOD

Have the link to the VOD?

Description

Time

  • Played on: Nov. 15, 2015, 5:58 a.m.
  • Length: 12:08
Show
View Real Time Build Order
Export as new Build Order

Locobizz Terran - Winner!

Build Orders: Hellion Opening, Mech 

Get SALT Encoding   

  12  0:01  SCV  
  13  0:13  SCV  
  14  0:25  SCV  
  14  0:26  Supply Depot  
  15  0:35  Refinery  
  15  0:48  SCV  
  16  0:53  Barracks  
  16  1:00  SCV  
  17  1:12  SCV, Supply Depot  
  18  1:24  SCV  
  19  1:36  SCV  
  20  1:42  Reaper  
  21  1:48  SCV  
  22  2:00  Orbital Command  
  22  2:06  Factory  
  22  2:19  Barracks Reactor  
  22  2:26  SCV  
  22  2:27  Command Center  
  23  2:38  SCV  
  24  2:50  SCV  
  25  3:03  SCV, Hellion x2  
  30  3:07  Supply Depot  
  30  3:09  Refinery  
  30  3:15  SCV  
  31  3:28  SCV  
  31  3:29  Hellion x2  
  36  3:40  SCV  
  37  3:47  Factory  
  37  3:50  Hellion x2  
  37  3:52  SCV  
  42  4:05  SCV  
  42  4:07  Orbital Command  
  41  4:44  Widow Mine x2  
  34  5:00  Factory Reactor  
  34  5:01  Factory  
  34  5:03  SCV x2  
  36  5:12  Widow Mine  
  36  5:13  Bunker  
  38  5:15  SCV x2  
  38  5:18  Supply Depot  
  38  5:20  Supply Depot  
  40  5:27  SCV, Supply Depot  
  40  5:28  SCV  
  42  5:30  Supply Depot  
  42  5:33  Hellion  
  44  5:39  SCV  
  44  5:40  SCV  
  44  5:41  Hellion  
  48  5:52  SCV x2  
  50  5:59  Refinery  
  50  6:00  Refinery  
  50  6:04  SCV x2  
  52  6:05  Factory Tech Lab  
  52  6:07  Hellion, Starport  
  52  6:08  Hellion x3  
  60  6:16  SCV x2  
  62  6:28  SCV  
  67  6:44  Widow Mine x2  
  67  6:45  Widow Mine x2  
  67  6:46  Widow Mine  
  63  7:05  Bunker  
  63  7:06  SCV x2  
  65  7:10  Starport Reactor  
  65  7:17  Armory  
  65  7:18  SCV, Starport  
  65  7:19  SCV  
  65  7:20  Engineering Bay  
  67  7:27  Marine  
  68  7:33  SCV x2  
  70  7:40  Siege Tank  
  70  7:41  Liberator x2  
  73  7:45  SCV, Marine  
  73  7:46  Supply Depot  
  73  7:49  Supply Depot  
  71  7:52  Supply Depot  
  65  8:03  Marine  
  70  8:12  Siege Tank  
  73  8:14  Hellbat x4  
  73  8:18  Starport Tech Lab  
  81  8:21  Marine  
  81  8:24  Missile Turret  
  82  8:28  Liberator x2  
  82  8:33  Command Center  
  82  8:35  Hellbat  
  82  8:40  Command Center, Missile Turret  
  82  8:41  Hellbat x3  
  90  8:44  Siege Tank  
  99  8:56  Hellbat  
  99  8:58  Supply Depot  
  99  9:02  Supply Depot  
  101  9:03  Supply Depot  
  101  9:09  Supply Depot  
  101  9:10  Hellbat x3  
  101  9:11  Banshee, Liberator x2  
  101  9:12  Cloaking Field  
  110  9:20  Hellbat  
  110  9:22  Supply Depot  
  103  9:58  Liberator x2  
  85  10:02  Hellion, Siege Tank  
  85  10:03  Hellion x3  
  91  10:13  Banshee  
  97  10:39  Hellbat x2, Liberator  
  97  10:40  Hellbat x3  
  102  10:54  Liberator x2  
  105  10:57  SCV x2  
  105  10:58  SCV  
  105  11:01  Hellbat  
  108  11:09  SCV  
  108  11:10  SCV x2  
  111  11:13  Hellbat x2  
  111  11:14  Hellbat x2  
  125  11:21  SCV  
  124  11:35  Siege Tank  
Show
View Real Time Build Order
Export as new Build Order

Ame Zerg 

Build Orders: Hatch First 

Get SALT Encoding   

  12  0:01  Drone  
  13  0:14  Overlord  
  13  0:23  Drone  
  14  0:33  Drone  
  14  0:34  Drone  
  16  0:45  Drone  
  17  0:59  Drone  
  17  1:00  Hatchery  
  17  1:07  Overlord  
  17  1:17  Drone  
  18  1:22  Extractor  
  17  1:26  Spawning Pool  
  17  1:28  Drone  
  17  1:38  Drone  
  18  1:49  Drone  
  19  2:00  Overlord  
  19  2:11  Drone  
  19  2:12  Queen x2  
  24  2:16  Drone  
  24  2:22  Zergling x2  
  26  2:25  Zergling x2  
  27  2:32  Drone  
  28  2:40  Metabolic Boost  
  28  2:48  Queen  
  29  3:02  Lair  
  29  3:07  Drone  
  29  3:08  Drone x5  
  29  3:10  Extractor  
  34  3:21  Zergling x2  
  34  3:24  Drone  
  36  3:38  Drone  
  36  3:39  Drone x6  
  43  3:51  Roach Warren  
  43  3:52  Drone  
  43  3:54  Overlord  
  43  3:56  Overlord  
  43  4:07  Overlord  
  43  4:08  Overlord  
  42  4:21  Evolution Chamber  
  40  4:27  Zergling x12  
  31  4:46  Zergling x2  
  31  4:47  Zergling x6  
  32  5:06  Drone, Zerg Melee Weapons Level 1  
  33  5:07  Drone x3  
  37  5:14  Drone  
  37  5:16  Glial Reconstitution  
  37  5:32  Roach  
  37  5:33  Roach x2  
  43  5:52  Hatchery, Zergling x14  
  49  5:58  Drone x2  
  49  6:04  Roach x3  
  43  6:37  Roach  
  43  6:38  Roach x8  
  59  6:52  Drone x5  
  54  7:07  Overseer  
  54  7:10  Overseer  
  54  7:15  Drone x4  
  55  7:16  Drone x5  
  63  7:26  Roach  
  63  7:27  Roach x2  
  69  7:33  Zerg Missile Weapons Level 1  
  69  7:36  Extractor  
  68  7:38  Drone x8, Extractor  
  67  7:57  Roach  
  67  7:58  Roach x4  
  69  8:15  Overseer  
  69  8:18  Overseer  
  69  8:27  Overlord x3  
  69  8:28  Overlord x3  
  69  8:35  Extractor  
  68  8:58  Drone  
  68  8:59  Drone x3  
  68  9:01  Drone x2  
  68  9:02  Drone x2  
  76  9:03  Drone x4  
  80  9:12  Roach  
  80  9:13  Roach x6  
  94  9:24  Zergling x4  
  94  9:25  Zergling x10  
  94  9:28  Ravager x7  
  108  9:33  Zergling x2  
  108  9:34  Zergling x10  
  63  10:08  Roach  
  63  10:09  Roach x14  
  90  10:23  Zergling x2  
  90  10:24  Zergling x12  
  70  10:47  Ravager  
  70  10:48  Ravager  
  70  10:49  Ravager x3  
  70  10:50  Roach  
  70  10:51  Roach x7  
  80  11:04  Roach x5  
  73  11:13  Ravager  
  73  11:14  Ravager x2  
  73  11:17  Ravager  
  77  11:20  Zergling x4  
  77  11:21  Zergling x6  
Tags
 
Add a new tag
Caveats
  • Supply blocks, unpowered buildings, or Contaminate may cause inaccurate times.
  • Supply counts are checked every 10 seconds.